 Dungeon Crawl Stone Soup version 0.23-a0-814-g91b4073 (console) character file.

476 bli the Slasher (level 7, 0/54 HPs)
             Began as a Formicid Abyssal Knight on Jan 21, 2019.
             Was a Priest of Lugonu.
             Succumbed to a big kobold's poison
             ... on level 4 of the Dungeon.
             The game lasted 00:12:27 (3617 turns).

bli the Slasher (Formicid Abyssal Knight)           Turns: 3617, Time: 00:12:27

Health: 0/54       AC:  6    Str: 21    XL:     7   Next: 33%
Magic:  8/8        EV: 11    Int: 12    God:    Lugonu [***...]
Gold:   244        SH:  0    Dex: 12    Spells: 6/6 levels left

rFire    + . .     SeeInvis +   i - +0 great sword
rCold    + . .     Gourm    .   (no shield)
rNeg     . . .     Faith    .   m - +3 leather armour
rPois    .         Spirit   .   (helmet unavailable)
rElec    .         Reflect  .   w - scarf {rC+ rF+}
rCorr    +         Harm     .   (no gloves)
MR       .....                  (no boots)
Stlth    +.........             (no amulet)
HPRegen  0.18/turn              y - ring of resist corrosion
MPRegen  0.11/turn              (no ring)

@: mighty, lethally poisoned (0 -> -22), drained
A: permanent stasis, dig shafts and tunnels, four strong arms, antennae 3
a: Dig, Shaft Self, Depart the Abyss, Bend Space, Banish, Renounce Religion


You were on level 4 of the Dungeon.
You worshipped Lugonu.
Lugonu was most pleased with you.
You were not hungry.

You visited 1 branch of the dungeon, and saw 4 of its levels.
You visited the Abyss 1 time.

You collected 244 gold pieces.

Inventory:

Hand Weapons
 a - a +1 hand axe
 b - a +0 blowgun
 i - a +0 great sword (weapon)
 E - a +4 vampiric short sword
Missiles
 p - 60 stones (quivered)
 A - 14 sling bullets
Armour
 l - a +2 robe of magic resistance
 m - a +3 leather armour (worn)
 w - a scarf of resistance (worn)
 z - a +2 robe of magic resistance
Magical Staves
 j - an uncursed staff of conjuration
Jewellery
 y - a ring of resist corrosion (left hand)
Scrolls
 f - 4 scrolls of identify {unknown}
 h - 2 scrolls of teleportation {unknown}
 k - 5 scrolls of remove curse {unknown}
 n - a scroll of fog {unknown}
 o - 3 scrolls of blinking {unknown}
 s - 2 scrolls of random uselessness {unknown}
 v - 3 scrolls of enchant weapon {unknown}
 C - a scroll of immolation {unknown}
 D - a scroll of fear {unknown}
Potions
 d - a potion of ambrosia {unknown}
 e - a potion of might
 g - a potion of mutation {unknown}
 q - a potion of heal wounds {unknown}
 r - a potion of cancellation {unknown}
 t - 4 potions of curing {unknown}
 u - a potion of magic {unknown}
 x - a potion of agility {unknown}
Comestibles
 c - 7 rations
 B - 3 chunks of flesh


   Skills:
 * Level 4.1(3.4) Fighting
 + Level 6.5(5.7) Long Blades
 - Level 2.0(1.3) Axes
 + Level 2.3(1.6) Armour
 + Level 1.3(0.6) Dodging
 + Level 0.3(0.0) Stealth
 - Level 2.1(1.5) Invocations


You had 6 spell levels left.
You didn't know any spells.
Your spell library was empty.

Dungeon Overview and Level Annotations

Branches:
Dungeon (4/15)
 Temple: D:4-7

Altars:
Fedhas
Gozag
Trog


Innate Abilities, Weirdness & Mutations

You cannot be hasted, slowed, berserked, paralysed or teleported.
You can dig through walls and to a lower floor.
Your four strong arms can wield two-handed weapons with a shield.
You have a pair of large antennae on your head. (SInv)


Message History

The big kobold is severely wounded.
The kobold closely misses you.
* * * LOW HITPOINT WARNING * * *
You feel very sick.
There is a stone staircase leading up here.
It was a potion of might.
You feel very mighty all of a sudden.
* * * LOW HITPOINT WARNING * * *
You feel sick. The big kobold closely misses you.
The kobold hits you but does no damage.
You slice the big kobold!!
You kill the big kobold!
Lugonu accepts your kill.
Your base Fighting skill increases to level 4!
* * * LOW HITPOINT WARNING * * *
You feel very sick. The kobold hits you with a +0 dagger.
* * * LOW HITPOINT WARNING * * *
You barely miss the kobold.
The kobold is moderately wounded.
You die...

#.## #..####
#...).#####.. ..
#...))....... #.#
#.)###.....##
#####.# ##{..#######
# ...#.####........
#.###......#..#.#.##
...........[......#
..........)...#####
#......@K........
#.#.#..........#.
#.........##.#
###.......# .#
#..?#.#.# #
#.....#.# #.#.#....
..#.#.#... ###.# #.#


You could see a kobold.

Vanquished Creatures
  2 big kobolds (D:4)
  A howler monkey (D:3)
  Jessica (D:3)
  2 orc wizards (D:3)
  A worker ant (D:3)
  4 gnolls (D:3)
  7 adders
  An ooze (D:1)
  2 worms
  3 dart slugs
  A leopard gecko (D:2)
  4 orcs (D:3)
  4 bats
  A giant cockroach (D:3)
  4 goblins
  12 hobgoblins
  11 jackals
  13 kobolds
  2 quokkas (D:2)
  3 ball pythons
  2 frilled lizards
  9 rats
90 creatures vanquished.

Notes
Turn   | Place    | Note
-------+----------+-------------------------------------------
     0 | Abyss:1  | bli the Formicid Abyssal Knight began the quest for the
                  | Orb.
     0 | Abyss:1  | Reached XP level 1. HP: 18/18 MP: 2/2
     3 | Abyss:1  | Found a corrupted altar of Lugonu.
    86 | Abyss:1  | Noticed a large abomination
   162 | D:1      | Escaped the Abyss
   276 | D:1      | Reached skill level 1 in Long Blades
   313 | D:1      | Reached XP level 2. HP: 19/24 MP: 3/3
   381 | D:1      | Reached skill level 2 in Long Blades
   576 | D:1      | Reached XP level 3. HP: 29/29 MP: 4/4
  1036 | D:2      | Reached ** piety under Lugonu
  1054 | D:2      | Reached skill level 3 in Long Blades
  1449 | D:2      | Found a blossoming altar of Fedhas.
  1454 | D:2      | Reached XP level 4. HP: 32/35 MP: 5/5
  2170 | D:3      | Reached skill level 4 in Long Blades
  2173 | D:3      | Found an opulent altar of Gozag.
  2453 | D:3      | Reached XP level 5. HP: 35/41 MP: 6/6
  2505 | D:3      | Noticed Jessica
  2508 | D:3      | Killed Jessica
  2873 | D:3      | Reached skill level 5 in Long Blades
  2888 | D:3      | Reached XP level 6. HP: 33/47 MP: 7/7
  3109 | D:3      | Reached *** piety under Lugonu
  3168 | D:3      | Reached skill level 1 in Dodging
  3422 | D:3      | Found a bloodstained altar of Trog.
  3505 | D:3      | Reached skill level 6 in Long Blades
  3600 | D:4      | Reached XP level 7. HP: 43/53 MP: 8/8
  3617 | D:4      | Succumbed to a big kobold's poison

Vault maps used:
D:1:      matt_arrival_refuge, serial_bayou_pond_c
D:2:      fedhas_ov_isle_minmay
D:3:      old_standard_altar, lightli_temple_of_fire, first_ration,
          minmay_checkerbox, uniq_jessica
D:4:      cheibrodos_thug_alley, minmay_small_thing
Abyss:1:  eino_small_chamber_without_monster

Skill      XL: |  1  2  3  4  5  6  7 |
---------------+----------------------+-----
Long Blades    | 1 2 3 4 5 6 |  6.5
Dodging        | 1 |  1.3
Fighting       | 4 |  4.1
Axes           | |  2.0
Armour         | |  2.3
Stealth        | |  0.3
Invocations    | |  2.1

Action                   |  1- 3 |  4- 6 |  7- 9 || total
-------------------------+-------+-------+-------++-------
Melee: Great sword       |    89 |   182 |     9 ||   280
Throw: Stone             |       |     1 |       ||     1
Invok: Bend Space        |       |     1 |       ||     1
  Use: Potion            |       |       |     1 ||     1
 Stab: Sleeping          |       |     1 |       ||     1
  Eat: Chunk             |     2 |     7 |       ||     9
Armor: Leather armour    |    38 |    82 |     6 ||   126
       Robe              |     3 |       |       ||     3
Dodge: Dodged            |    79 |   135 |     8 ||   222
       Rpst.: Great sword |    23 |    39 |     3 ||    65

Table legend:
 A = Non-vault XP
 B = Vault XP
 C = Vault XP percentage of total XP
 D = Non-vault monster count
 E = Vault monster count
 F = Vault count percentage of total count
                 A         B        C        D         E       F
            +---------+---------+-------+---------+---------+-------
      Total |     422 |     259 |  38.0 |      78 |      12 |  13.3
            +---------+---------+-------+---------+---------+-------
        D:1 |      38 |       0 |   0.0 |      19 |       0 |   0.0
        D:2 |      81 |       0 |   0.0 |      30 |       0 |   0.0
        D:3 |     290 |      58 |  16.7 |      28 |       5 |  15.2
        D:4 |      13 |     201 |  93.9 |       1 |       7 |  87.5
            +---------+---------+-------+---------+---------+-------
